 Dungeon Crawl Stone Soup version 0.29.1-12-g30fa7ad0bf (webtiles) character file.

Game seed: 18368204819257366934

351 Gabide the Trooper (level 6, -3/51 HPs)
             Began as a Formicid Berserker on Dec 17, 2022.
             Was a Believer of Trog.
             Slain by a gnoll
             ... wielding a +0 halberd
             ... led by a gnoll bouda
              (9 damage)
             ... on level 4 of the Dungeon.
             The game lasted 00:04:19 (3256 turns).

Gabide the Trooper (Formicid Berserker)             Turns: 3256, Time: 00:04:20

Health: -3/51      AC: 12    Str: 23    XL:     6   Next: 93%
Magic:  6/6        EV:  7    Int:  7    God:    Trog [**....]
Gold:   88         SH:  0    Dex: 13    Spells: 5/5 levels left

rFire   . . .      SeeInvis +   a - +0 mace
rCold   . . .      Faith    .   (no shield)
rNeg    . . .      Spirit   .   g - +0 plate armour
rPois   .          Reflect  .   (helmet unavailable)
rElec   .          Harm     .   o - +0 cloak
rCorr   .          Rampage  .   (no gloves)
Will    ++...                   (no boots)
Stlth   ..........              (no amulet)
HPRegen 1.17/turn               (no ring)
MPRegen 0.10/turn               (no ring)

@: strong-willed (expiring), regenerating (expiring)
A: permanent stasis, dig shafts and tunnels, antennae 3, four strong arms
a: Dig, Shaft Self, Renounce Religion, Trog's Hand


You were on level 4 of the Dungeon.
You worshipped Trog.
Trog was pleased with you.
You visited 1 branch of the dungeon, and saw 4 of its levels.

You collected 158 gold pieces.
You spent 70 gold pieces at shops.

Inventory:

Hand Weapons
 a - a +0 mace (weapon)
Armour
 g - a +0 plate armour (worn)
 j - a scarf of resistance
 o - a +0 cloak (worn)
 p - a +0 chain mail
Scrolls
 d - a scroll of magic mapping {unknown}
 f - a scroll of amnesia {unknown}
 k - a scroll of poison {unknown}
 l - 4 scrolls of identify {unknown}
 m - 3 scrolls of fog {unknown}
 r - a scroll of immolation {unknown}
 s - a scroll of teleportation {unknown}
Potions
 b - 2 potions of brilliance {unknown}
 c - a potion of attraction {unknown}
 e - 2 potions of curing {unknown}
 h - a potion of resistance {unknown}
 i - a potion of heal wounds
 n - a potion of might {unknown}
 q - a potion of haste {unknown}


   Skills:
 * Level 5.6 Fighting
 * Level 5.0 Maces & Flails
 - Level 2.1 Armour
 + Level 3.1 Dodging


You had 5 spell levels left.
You didn't know any spells.
Your spell library was empty.

Dungeon Overview and Level Annotations

Branches:
Dungeon (4/15)
 Temple: D:4-7

Altars:
Elyvilon
Wu Jian
Yredelemnul

Shops:
D:1 :   D:2 :!=


Innate Abilities, Weirdness & Mutations

You cannot be hasted, slowed, berserked, paralysed or teleported.
You can dig through walls and to a lower floor.
You have a pair of large antennae on your head. (SInv)
Your four strong arms can wield two-handed weapons with a shield.


Message History

The gnoll hits you with a +0 club. The gnoll barely misses you.
The gnoll bouda hits you but does no damage.
You hit the gnoll bouda.
You kill the gnoll bouda!
Trog accepts your kill. The gnoll hits you with a +0 club.
The gnoll barely misses you.
Your Maces & Flails skill increases to level 5!
You hit the gnoll but do no damage. The gnoll hits you with a +0 club.
The gnoll barely misses you.
You sock the gnoll!
The gnoll is almost dead.
The gnoll hits you with a +0 club.
* * * LOW HITPOINT WARNING * * *
The gnoll hits you but does no damage.
You hit the gnoll.
You kill the gnoll!
Trog accepts your kill.
The gnoll hits you but does no damage. x2
The gnoll hits you with a +0 halberd.
* * * LOW HITPOINT WARNING * * *
Things that are here:
a +0 whip; a +0 robe; a gnoll corpse You closely miss the gnoll.
The gnoll hits you with a +0 halberd.
* * * LOW HITPOINT WARNING * * *
You hit the gnoll.
The gnoll is moderately wounded.
The gnoll hits you with a +0 halberd.
* * * LOW HITPOINT WARNING * * *
You hit the gnoll.
The gnoll is heavily wounded.
The gnoll barely misses you.
You closely miss the gnoll.
The gnoll is heavily wounded.
The gnoll hits you with a +0 halberd.
* * * LOW HITPOINT WARNING * * *
You hit the gnoll.
The gnoll is heavily wounded.
You feel the effects of Trog's Hand fading.
The gnoll hits you with a +0 halberd!
You die...

## # ##.######
..#...#...##
...........#
...........### #
...........###.
#............ .
#.g@).....##
..#..........#.#
#................
#.................
...#.#.#..##.##...
...#.#.#...# .#..
. ........## ....
........###..#.
.............# #


You could see a gnoll (swift).

Vanquished Creatures
  Sigmund (D:3)
  The ghost of Xenoroth98 the Charlatan, an amateur OpAr (D:3)
  A gnoll bouda (D:4)
  An adder (D:3)
  2 gnolls (D:4)
  A worm (D:2)
  A dart slug (D:2)
  3 orcs (D:3)
  5 bats
  7 endoplasms
  2 giant cockroaches (D:1)
  7 goblins
  8 hobgoblins
  2 quokkas (D:2)
  5 ball pythons
  4 frilled lizards (D:1)
  7 kobolds
  6 rats
64 creatures vanquished.

Notes
Turn   | Place    | Note
-------+----------+-------------------------------------------
     0 | D:1      | Gabide the Formicid Berserker began the quest for the Orb.
     0 | D:1      | Reached XP level 1. HP: 18/18 MP: 1/1
   222 | D:1      | Reached XP level 2. HP: 23/24 MP: 2/2
   393 | D:1      | Found Itiomymu's Book Boutique.
   641 | D:1      | Reached XP level 3. HP: 26/30 MP: 3/3
   873 | D:1      | Reached ** piety under Trog
  1230 | D:2      | Found Folen's Book Shoppe.
  1254 | D:2      | Found Tirarumyv's Distillery.
  1296 | D:2      | Bought a potion of heal wounds for 70 gold pieces
  1584 | D:2      | Found Hiepach's Jewellery Shop.
  1600 | D:2      | Reached XP level 4. HP: 37/37 MP: 4/4
  2152 | D:3      | Found a runed translucent door.
  2157 | D:3      | Noticed Xenoroth98's ghost (amateur OpAr)
  2213 | D:3      | Noticed Sigmund
  2217 | D:3      | Found a white marble altar of Elyvilon.
  2225 | D:3      | Killed Sigmund
  2226 | D:3      | Reached skill level 5 in Fighting
  2226 | D:3      | Reached XP level 5. HP: 38/44 MP: 5/5
  2226 | D:3      | Reached XP level 6. HP: 44/51 MP: 6/6
  2497 | D:3      | Found an ornate altar of the Wu Jian Council.
  2823 | D:3      | Found a basalt altar of Yredelemnul.
  2987 | D:3      | Found a faded altar of an unknown god.
  3182 | D:3      | Killed Xenoroth98's ghost
  3248 | D:4      | Reached skill level 5 in Maces & Flails
  3256 | D:4      | Slain by a gnoll

Illustrated notes

Levels and vault maps discovered:
D:1:      lemuel_arrival_cross, layout_loops_ring, serial_shops,
          nicolae_shop_crystal, chequers_serial_rivers_micro_e
D:2:      layout_basic, serial_shops, shop, shop, shop
D:3:      kennysheep_big_flooded_room, layout_loops_corners,
          mainiacjoe_overflow_alcove_2, overflow_temple_1_default,
          elyvilon_altar_5, hellmonk_ecumenical_altar_run_dry,
          ebering_ghost_reflecting_pool, uniq_sigmund
D:4:      layout_cave_pools, cheibriados_altar_1, fedhas_altar_1

Skill      XL: |  1  2  3  4  5  6 |
---------------+-------------------+-----
Dodging        | 2 3 |  3.1
Fighting       | 4 5 |  5.6
Maces & Flails | 4 5 |  5.0
Armour         | |  2.1

Action                   |  1- 3 |  4- 6 || total
-------------------------+-------+-------++-------
Melee: Mace              |   131 |   108 ||   239
       Punch             |     1 |     2 ||     3
Invok: Trog's Hand       |       |     2 ||     2
 Abil: Dig               |       |     2 ||     2
Armor: Animal skin       |     4 |       ||     4
       Plate armour      |    64 |   111 ||   175
Dodge: Dodged            |    58 |    47 ||   105
